 Dungeon Crawl Stone Soup version 0.18.1-8-gdd0e5ea (webtiles) character file.

8719 Wooh the Basher (level 11, -6/88 (89) HPs)
             Began as a Yellow Draconian Berserker on May 26, 2016.
             Was a High Priest of Trog.
             Mangled by a skeletal warrior
             ... wielding a +0 war axe
             ... led by a skeletal warrior
              (26 damage)
             ... on level 10 of the Dungeon.
             The game lasted 00:38:30 (9689 turns).

Wooh the Basher (Yellow Draconian Berserker)        Turns: 9689, Time: 00:38:31

HP:   -6/88 (89)    AC: 14    Str: 28      XL:     11   Next: 13%
MP:   11/11         EV: 18    Int:  8      God:    Trog [*****.]
Gold: 354           SH:  0    Dex: 13 (14) Spells: 0 memorised, 10 levels left

rFire  + . .     SeeInvis .     y - +1 dire flail (protect)
rCold  . . .     Gourm    .     (armour unavailable)
rNeg   . . .     Faith    .     (shield currently unavailable)
rPois  .         Spirit   .     l - +1 hat
rElec  .         Dismiss  .     u - +0 cloak "Zodiefia" {MR- Regen+ Str+9} (curse)
rCorr  +         Reflect  .     (no gloves)
SustAt .         Harm     .     (no boots)
MR     +....                    (no amulet)
Stlth  +.........               (no ring)
                                x - ring of protection from fire

@: regenerating, somewhat resistant to hostile enchantments, very unstealthy
A: spit acid, acid resistance, unfitting armour, deterioration 1, evolution 1,
cold-blooded, AC +7
a: Spit Acid, Berserk, Trog's Hand, Brothers in Arms, Burn Spellbooks, Renounce
Religion


You were on level 10 of the Dungeon.
You worshipped Trog.
Trog was extremely pleased with you.
You were very hungry.

You visited 2 branches of the dungeon, and saw 11 of its levels.

You collected 632 gold pieces.
You spent 278 gold pieces at shops.

Inventory:

Hand Weapons
 k - a +2 mace of crushing
 v - a +1 whip of flaming
 y - a +1 dire flail of protection (weapon)
 J - a +0 arbalest
 K - a +1 shortbow of freezing
 L - a +0 whip of electrocution
Missiles
 g - 23 bolts
 s - 58 arrows
 H - 16 tomahawks (quivered)
 U - a throwing net
Armour
 l - a +1 hat (worn)
 u - the cursed +0 cloak "Zodiefia" (worn) {MR- Regen+ Str+9}
   (You bought it in a shop on level 9 of the Dungeon)

   It affects your strength (+9).
   It affects your resistance to hostile enchantments.
   It increases your rate of regeneration.
   It has a curse placed upon it.
Jewellery
 x - a ring of protection from fire (left hand)
 T - an uncursed ring of wizardry
Wands
 n - a wand of slowing (37/48)
 G - a wand of flame (9/48)
 M - a wand of teleportation (4/9)
 V - a wand of slowing (35/48)
Scrolls
 a - 4 scrolls of teleportation {unknown}
 f - 2 scrolls of random uselessness {unknown}
 i - a scroll of magic mapping {unknown}
 j - a scroll of fear {unknown}
 m - 3 scrolls of immolation {unknown}
 q - 2 scrolls of fog {unknown}
 t - 6 scrolls of remove curse
 w - a scroll of torment {unknown}
 A - a scroll of holy word {unknown}
 C - 2 scrolls of enchant armour
 E - a scroll of enchant weapon {unknown}
 F - a scroll of vulnerability {unknown}
 N - a scroll of brand weapon {unknown}
 P - a scroll of identify
 S - 3 scrolls of blinking {unknown}
Potions
 d - 6 potions of curing
 e - 6 potions of lignification
 h - a potion of mutation
 p - 3 potions of haste
 r - a potion of cancellation
 z - 2 potions of heal wounds {unknown}
 B - 3 potions of brilliance {unknown}
 I - 2 potions of might {unknown}
 R - a potion of flight {unknown}
Books
 Q - a book of Dreams

   Spells                             Type                      Level
   a - Ensorcelled Hibernation        Hexes/Ice                    2
   b - Silence                        Hexes/Air                    5
   c - Darkness                       Hexes                        6
   d - Shadow Creatures               Summoning                    6
   Trog disapproves of the use of such an item.
Comestibles
 b - 3 bread rations
 c - 9 royal jellies
 o - 10 fruits
 D - a slice of pizza
 O - 2 meat rations


   Skills:
 - Level 6.1 Fighting
 - Level 12.4 Maces & Flails
 + Level 10.7 Dodging


You had 10 spell levels left.
You didn't know any spells.

Dungeon Overview and Level Annotations

Branches:
Dungeon (10/15)            Temple (1/1) D:5            Lair (0/8) D:10
    Orc: D:9-12

Altars:
Ashenzari
Cheibriados
Elyvilon
Fedhas
Gozag
Makhleb
Nemelex Xobeh
Pakellas
Qazlal
Trog
Vehumet
Xom
Zin
The Shining One

Shops:
D:7 }%*(   D:9 =(%[


Innate Abilities, Weirdness & Mutations

You can spit globs of acid.
You are resistant to acid.
Your golden yellow scales are hard (AC +7).
Your body does not fit into most forms of armour.
You are cold-blooded and may be slowed by cold attacks.
Your body sometimes deteriorates upon taking damage.
You evolve.


Message History

You hit the skeletal warrior but do no damage.
The skeletal warrior is heavily damaged.
The skeletal warrior hits you with a war axe!
The skeletal warrior hits you with a scimitar!
You hit the skeletal warrior.
The skeletal warrior is heavily damaged.
You closely miss the skeletal warrior.
You tail-slap the skeletal warrior, but do no damage.
The skeletal warrior is heavily damaged.
The skeletal warrior completely misses you.
The skeletal warrior hits you with a scimitar!
The skeletal warrior hits you with a war axe.
Your skin crawls.
You feel resistant to hostile enchantments.
You feel slightly more hungry.
The skeletal warrior hits you with a scimitar!!
* * * LOW HITPOINT WARNING * * *
You fail to use your ability.
The skeletal warrior hits you with a war axe!!
You die...

.. ## .# . ######.# ##
#......# . ##..#...# #.
#.......####### .#.##
##...#...##.... #....
#....#zz...>.### .....
#....#@......... #.##
#............#
#.#.........###########
#.#..#.................
#.###.##....#####.#####
#.....###)#.# #.# #..
#####.# #.#.# #.# #.#
#.###.#.# #.###.#
#.....#.# #รท##...


You could see 2 skeletal warriors.

Vanquished Creatures
  A hill giant (D:10)
  Pikel (D:8)
  An ugly thing (D:9)
  A centaur zombie (D:10)
  A troll (D:8)
  Prince Ribbit (D:6)
  2 polar bears (D:10)
  3 yaks (D:10)
  2 ice beasts
  Eustachio (D:6)
  2 hippogriffs
  Menkaure (D:4)
  2 hungry ghosts
  Edmund (D:6)
  2 soldier ants (D:9)
  2 water moccasins
  2 hell hounds (D:10)
  A slave (D:8)
  2 orc warriors
  2 wasps
  2 necrophages (D:6)
  4 black bears (D:9)
  3 phantoms
  3 wolves (D:10)
  7 ogres
  A big kobold (D:9)
  5 giant frogs
  2 scorpions
  An oklob sapling (D:5)
  2 electric eels (D:10)
  2 howler monkeys (D:8)
  6 crimson imps
  2 giant frog zombies (D:6)
  A wasp zombie (D:9)
  4 hounds
  2 jellies (D:7)
  3 orc priests
  6 orc wizards
  3 iguanas
  7 worker ants
  A giant frog simulacrum (D:10)
  3 hound zombies (D:6)
  2 hound skeletons (D:6)
  7 gnolls
  A howler monkey skeleton (D:4)
  12 adders
  A hound simulacrum (D:10)
  A shadow imp (D:6)
  2 white imps (D:10)
  3 ufetubi (D:10)
  An adder zombie (D:9)
  3 worms
  8 dart slugs (D:3)
  3 giant geckos
  32 orcs
  2 ball pythons
  4 giant cockroaches
  5 goblins
  4 hobgoblins
  7 jackals
  4 quokkas
  15 bats
  6 giant newts
  10 kobolds
  A quokka skeleton (D:6)
  5 rats
240 creatures vanquished.

Vanquished Creatures (others)
  A slave (D:8)
  A centaur (D:8)
  A crimson imp (D:8)
  A giant gecko (D:8)
  An orc (D:8)
  A plant (D:5)
6 creatures vanquished.

Grand Total: 246 creatures vanquished

Notes
Turn   | Place    | Note
--------------------------------------------------------------
     0 | D:1      | Wooh the Draconian Berserker began the quest for the Orb.
     0 | D:1      | Reached XP level 1. HP: 19/19 MP: 1/1
   144 | D:1      | Reached XP level 2. HP: 18/27 MP: 2/2
   355 | D:1      | Reached ** piety under Trog
   799 | D:2      | Reached XP level 3. HP: 34/34 MP: 3/3
   863 | D:2      | You fall through a shaft for 2 floors!
   971 | D:4      | Reached skill level 5 in Fighting
   982 | D:4      | Reached XP level 4. HP: 16/42 MP: 4/4
  1320 | D:3      | Reached XP level 5. HP: 50/50 MP: 5/5
  1562 | D:2      | Reached *** piety under Trog
  1565 | D:2      | Reached skill level 4 in Maces & Flails
  2350 | D:3      | Found an oddly glowing altar of Pakellas.
  2567 | D:3      | Reached XP level 6. HP: 28/57 MP: 6/6
  2878 | D:4      | Reached skill level 5 in Maces & Flails
  3170 | D:4      | Found an opulent altar of Gozag.
  3181 | D:4      | Noticed Menkaure
  3189 | D:4      | Killed Menkaure
  3189 | D:4      | Reached skill level 6 in Maces & Flails
  3561 | D:5      | Entered Level 5 of the Dungeon
  3567 | D:5      | Found a staircase to the Ecumenical Temple.
  3573 | D:5      | Reached **** piety under Trog
  3624 | D:5      | Your scales start taking on a golden yellow colour.
  3624 | D:5      | Reached XP level 7. HP: 52/63 MP: 7/7
  4054 | Temple   | Entered the Ecumenical Temple
  4208 | D:5      | Reached skill level 7 in Maces & Flails
  4301 | D:5      | Found a snail-covered altar of Cheibriados.
  4598 | D:5      | Found a blossoming altar of Fedhas.
  4672 | D:5      | Noticed a hippogriff
  4685 | D:5      | Killed a hippogriff
  5215 | D:6      | Noticed Eustachio
  5242 | D:6      | Killed Eustachio
  5281 | D:6      | Reached skill level 5 in Dodging
  5281 | D:6      | Reached XP level 8. HP: 70/70 MP: 8/8
  5649 | D:6      | Found a burning altar of Makhleb.
  5706 | D:6      | Noticed Edmund
  5756 | D:6      | Killed Edmund
  5857 | D:6      | Noticed Prince Ribbit
  5870 | D:6      | Killed Prince Ribbit
  6249 | D:7      | Found Horuemeo's Magic Scroll Shop.
  6254 | D:7      | Reached XP level 9. HP: 73/74 MP: 9/9
  6282 | D:7      | Found a sparkling altar of Nemelex Xobeh.
  6325 | D:7      | Found Ceraf's Antique Weapon Boutique.
  6372 | D:7      | Found Ymeokum's Food Boutique.
  6420 | D:7      | Found Xoestue's Assorted Antiques.
  6493 | D:7      | Reached skill level 8 in Maces & Flails
  6607 | D:7      | Found a shattered altar of Ashenzari.
  6607 | D:7      | Found Jywkorar's Gadget Emporium.
  6756 | D:7      | Found a white marble altar of Elyvilon.
  6756 | D:7      | Found a glowing silver altar of Zin.
  6757 | D:7      | Found a glowing golden altar of the Shining One.
  6878 | D:7      | Reached skill level 9 in Maces & Flails
  7076 | D:8      | Noticed Pikel
  7095 | D:8      | Killed Pikel
  7095 | D:8      | Reached skill level 10 in Maces & Flails
  7125 | D:8      | Found a stormy altar of Qazlal.
  7212 | D:8      | Found a radiant altar of Vehumet.
  7301 | D:8      | Reached XP level 10. HP: 79/82 MP: 10/10
  7327 | D:8      | Reached skill level 11 in Maces & Flails
  7828 | D:9      | Found a bloodstained altar of Trog.
  7928 | D:9      | Reached ***** piety under Trog
  8008 | D:9      | Found Sistrypod's Antique Weapon Shoppe.
  8073 | D:9      | Found Xinocipt's Food Emporium.
  8203 | D:9      | Reached skill level 12 in Maces & Flails
  8251 | D:9      | Gained mutation: Scrolls take you a little longer to read. [potion of mutation]
  8251 | D:9      | Gained mutation: Your body sometimes deteriorates upon taking damage. [potion of mutation]
  8251 | D:9      | Gained mutation: You are dopey. (Int -2) [potion of mutation]
  8252 | D:9      | Lost mutation: You are dopey. (Int -2) [potion of mutation]
  8252 | D:9      | Gained mutation: You evolve. [potion of mutation]
  8292 | D:9      | Found Nievie's Armour Shoppe.
  8297 | D:9      | Bought the cursed +0 cloak "Zodiefia" {MR- Regen+ Str+9} for 278 gold pieces
  8319 | D:9      | Found Heroill's Jewellery Shoppe.
  8729 | D:9      | Found a shimmering altar of Xom.
  8730 | D:9      | Found a shimmering altar of Xom.
  8791 | D:9      | Noticed a purple ugly thing
  8808 | D:9      | Killed a purple ugly thing
  8839 | D:9      | Found a shimmering altar of Xom.
  8839 | D:9      | Found a shimmering altar of Xom.
  8840 | D:9      | Found a shimmering altar of Xom.
  9013 | D:10     | Entered Level 10 of the Dungeon
  9021 | D:10     | Received a gift from Trog
  9127 | D:10     | Reached skill level 10 in Dodging
  9418 | D:10     | Reached XP level 11. HP: 60/88 MP: 11/11
  9484 | D:10     | Lost mutation: Scrolls take you a little longer to read. [evolution]
  9485 | D:10     | Found a staircase to the Lair.
  9602 | D:10     | Noticed a hill giant
  9620 | D:10     | Killed a hill giant
  9672 | D:10     | Noticed a skeletal warrior
  9672 | D:10     | Noticed a skeletal warrior
  9689 | D:10     | Mangled by a skeletal warrior

Skill      XL: |  1  2  3  4  5  6  7  8  9 10 |
---------------+-------------------------------+-----
Fighting       | 4 5 6 |  6.1
Maces & Flails | 4 6 7 10 12 | 12.4
Dodging        | 5 8 10 | 10.7

Action                   |  1- 3 |  4- 6 |  7- 9 | 10-12 || total
-------------------------+-------+-------+-------+-------++-------
Melee: Mace              |    89 |   178 |   197 |       ||   464
       Tailslap          |    10 |    16 |    56 |    66 ||   148
       Dire flail        |       |       |   127 |   424 ||   551
       Whip              |       |       |    31 |       ||    31
 Fire: Arbalest          |       |       |     3 |       ||     3
Invok: Berserk           |     1 |     3 |     5 |     3 ||    12
       Trog's Hand       |       |       |     1 |     1 ||     2
 Abil: Spit Acid         |       |       |     2 |     3 ||     5
  Use: Scroll            |       |       |       |     9 ||     9
       Potion            |       |       |       |     2 ||     2
 Stab: Sleeping          |       |     1 |       |       ||     1
  Eat: Chunk             |       |    12 |    14 |    14 ||    40
       Beef jerky        |       |       |     2 |     1 ||     3
       Pizza             |       |       |     1 |       ||     1
Armor: Skin              |    56 |    49 |    74 |   128 ||   307
Dodge: Dodged            |    78 |   111 |   205 |   382 ||   776
